 Dungeon Crawl Stone Soup version 0.28.0-53-g5a82cb258f (webtiles) character file.

Game seed: 17247646743784739885

577 Plasmagod the Conjurer (level 7, 0/36 HPs)
             Began as a Deep Elf Conjurer on July 13, 2022.
             Was an Initiate of Sif Muna.
             Slain by an ice beast (3 damage)
             ... on level 5 of the Dungeon.
             The game lasted 00:14:52 (4215 turns).

Plasmagod the Conjurer (Deep Elf Conjurer)          Turns: 4215, Time: 00:14:52

Health: 0/36       AC:  3    Str:  4    XL:     7   Next: 13%
Magic:  1/19       EV: 12    Int: 25    God:    Sif Muna [......]
Gold:   152        SH:  0    Dex: 13    Spells: 9/19 levels left

rFire   . . .      SeeInvis .   (no weapon)
rCold   . . .      Faith    .   (no shield)
rNeg    + . .      Spirit   .   a - +1 robe
rPois   .          Reflect  .   (no helmet)
rElec   .          Harm     .   (no cloak)
rCorr   .          Rampage  .   (no gloves)
Will    +....                   (no boots)
Stlth   ++........              (no amulet)
HPRegen 0.12/turn               f - ring of willpower
MPRegen 0.16/turn               i - ring of positive energy

@: about to teleport
A: no striking features
a: Renounce Religion


You were on level 5 of the Dungeon.
You worshipped Sif Muna.
Sif Muna was noncommittal.
You visited 2 branches of the dungeon, and saw 6 of its levels.

You collected 152 gold pieces.

Inventory:

Armour
 a - a +1 robe (worn)
 j - an orb of guile
Jewellery
 f - a ring of willpower (left hand)
 i - a ring of positive energy (right hand)
Wands
 e - a wand of charming (11)
 m - a wand of polymorph (6)
Potions
 b - 2 potions of curing {unknown}
 d - 2 potions of invisibility
 g - a potion of lignification {unknown}
 h - 2 potions of heal wounds {unknown}
 k - a potion of resistance {unknown}
 n - a potion of brilliance {unknown}


   Skills:
 + Level 2.9 Dodging
 + Level 3.4 Stealth
 + Level 6.6 Spellcasting
 + Level 7.3 Conjurations
 * Level 2.0 Hexes


You had 9 spell levels left.
You knew the following spells:

 Your Spells              Type           Power      Damage    Failure   Level
a - Magic Dart            Conj           100%       1d8       1%          1
b - Searing Ray           Conj           90%        2d7       1%          2
c - Dazzling Flash        Conj/Hex       62%        N/A       3%          3
d - Fulminant Prism       Conj/Hex       15%        3d11      10%         4

Your spell library contained the following spells:

 Spells                   Type           Power      Damage    Failure   Level
 Inner Flame              Hex/Fire       13%        N/A       14%         3
 Iskenderun's Mystic Bla  Conj/Tloc      26%        2d7       16%         4
 Cause Fear               Hex            9%         N/A       30%         4
 Discord                  Hex            9%         N/A       100%        8


Dungeon Overview and Level Annotations

Branches:
Dungeon (5/15)             Temple (1/1) D:4

Altars:
Ashenzari
Cheibriados
Dithmenos
Fedhas
Gozag
Hepliaklqana
Makhleb
Okawaru
Ru
Sif Muna
Trog
Uskayaw
Vehumet
Wu Jian
Yredelemnul
Zin
The Shining One


Message History

Press: ? - help, Shift-Dir - straight line, f - centaur
Aim: a centaur, wielding a +0 shortbow and quivering arrows (89% to hit)
The searing ray hits the centaur!
The centaur is moderately wounded. (Press . to maintain the ray.)
The centaur shoots an arrow.
The arrow hits you!
The centaur shoots an arrow.
The arrow hits you!
* * * LOW HITPOINT WARNING * * *
There is a stone staircase leading up here.
Casting: Searing Ray (safe; 1% risk of failure)
Confirm with . or Enter, or press ? or * to list all spells.
Casting: Dazzling Flash (dangerous; 3% risk of failure)
Press: ? - help, Dir - look around, f - activate The centaur is dazzled.
The centaur unwields a +0 shortbow.
The centaur closely misses you. The centaur kicks you.
* * * LOW HITPOINT WARNING * * *
The centaur closely misses you.
The centaur kicks you but does no damage.
The centaur hits you.
* * * LOW HITPOINT WARNING * * *
The centaur kicks you but does no damage.
You climb upwards.
There is a stone staircase leading down here.
There is a stone staircase leading down here.
You climb downwards.
There is a stone staircase leading up here.
You start resting.
An ice beast comes into view.
Casting: Dazzling Flash (dangerous; 3% risk of failure)
Confirm with . or Enter, or press ? or * to list all spells.
Casting: Dazzling Flash (dangerous; 3% risk of failure)
Press: ? - help, Dir - look around, f - activate The ice beast hits you but does no damage.
Casting: Dazzling Flash (dangerous; 3% risk of failure)
Confirm with . or Enter, or press ? or * to list all spells.
You don't have enough magic to cast this spell.
As you read the scroll labelled KIQUCH GIPS, it crumbles to dust.
You feel strangely unstable.
It was a scroll of teleportation.
The ice beast hits you.
You die...

## #.
#[####
#.Y..#
#.#@.#
#.####
#. c*
.. ...
...


You could see an ice beast.

Vanquished Creatures
  Sigmund (D:2)
  A phantom (D:4)
  A scorpion (D:4)
  A water moccasin skeleton (D:5)
  A bullfrog zombie (D:4)
  An orc priest (D:4)
  Terence (D:2)
  An orc wizard (D:4)
  2 hound skeletons (D:4)
  4 adders
  A worm (D:4)
  A dart slug (D:3)
  6 orcs (D:4)
  9 ball pythons
  4 endoplasms
  4 giant cockroaches
  3 goblins
  8 hobgoblins
  2 quokkas (D:1)
  2 bats
  3 frilled lizards
  5 kobolds
  4 rats
66 creatures vanquished.

Vanquished Creatures (others)
  A fulminant prism (D:5)
  A fungus (D:2)
2 creatures vanquished.

Grand Total: 68 creatures vanquished

Notes
Turn   | Place    | Note
-------+----------+-------------------------------------------
     0 | D:1      | Plasmagod the Deep Elf Conjurer began the quest for the
                  | Orb.
     0 | D:1      | Reached XP level 1. HP: 10/10 MP: 6/6
   294 | D:1      | Reached XP level 2. HP: 15/15 MP: 6/8
   297 | D:1      | Learned a level 2 spell: Searing Ray
   483 | D:1      | Reached skill level 5 in Conjurations
   908 | D:2      | Noticed Sigmund
   950 | D:2      | Reached XP level 3. HP: 19/19 MP: 2/9
  1286 | D:2      | Found a faded altar of an unknown god.
  1394 | D:2      | Learned a level 3 spell: Dazzling Flash
  1406 | D:2      | Killed Sigmund
  1407 | D:2      | Reached skill level 6 in Conjurations
  1407 | D:2      | Reached XP level 4. HP: 9/24 MP: 0/12
  1407 | D:2      | Reached XP level 5. HP: 10/28 MP: 0/14
  1603 | D:2      | Noticed Terence
  1611 | D:2      | Killed Terence
  2160 | D:3      | Reached skill level 5 in Spellcasting
  2392 | D:3      | Found a hazy altar of Hepliaklqana.
  2564 | D:3      | Found a blossoming altar of Fedhas.
  2940 | D:4      | Reached XP level 6. HP: 11/32 MP: 6/15
  3239 | D:4      | Reached skill level 7 in Conjurations
  3239 | D:4      | Reached skill level 1 in Hexes
  3245 | D:4      | Learned a level 4 spell: Fulminant Prism
  3583 | D:4      | Found a staircase to the Ecumenical Temple.
  3834 | D:4      | Reached XP level 7. HP: 36/36 MP: 15/18
  4058 | Temple   | Entered the Ecumenical Temple
  4098 | Temple   | Became a worshipper of Sif Muna the Loreminder
  4191 | D:5      | Entered Level 5 of the Dungeon
  4215 | D:5      | Slain by an ice beast

Illustrated notes

Levels and vault maps discovered:
D:1:      dpeg_arrival_arbitrary_c, layout_basic
D:2:      layout_basic, shapermc_ecumenical_altar_acropolis, uniq_terence,
          uniq_sigmund
D:3:      layout_loops_corners, nicolae_hepliaklqana_hazy_memory,
          marbit_many_paths
D:4:      layout_loops_ring, temple_doors_e
D:5:      layout_basic, mainiacjoe_overflow_boulevard
Temple:   regret_index_temple_waves

Skill      XL: |  1  2  3  4  5  6  7 |
---------------+----------------------+-----
Conjurations   | 5 6 7 |  7.3
Stealth        | 3 |  3.4
Spellcasting   | 4 5 6 |  6.6
Hexes          | 1 2 |  2.0
Dodging        | |  2.9

Action                   |  1- 3 |  4- 6 |  7- 9 || total
-------------------------+-------+-------+-------++-------
 Cast: Magic Dart        |    61 |    48 |     8 ||   117
       Searing Ray       |     3 |     9 |     2 ||    14
       Dazzling Flash    |       |       |     2 ||     2
       Fulminant Prism   |       |       |     1 ||     1
  Use: Scroll            |       |     5 |     1 ||     6
Armor: Robe              |     1 |       |     5 ||     6
Dodge: Dodged            |     3 |     5 |     5 ||    13
